 Seeded DCSS version 0.30.0-29-ga12c61a403 (webtiles) character file.

Game seed: 15723644976437705827 (custom seed)

978 bmack86 the Cleaver (level 7, -2/57 HPs)
             Began as a Minotaur Fighter on June 10, 2023.
             Slain by Duvessa
             ... wielding a +0 rapier
              (4 damage)
             ... on level 6 of the Dungeon.
             The game lasted 00:10:16 (4178 turns).

bmack86 the Cleaver (Minotaur Fighter)              Turns: 4178, Time: 00:10:16

Health: -2/57      AC: 12    Str: 23    XL:     7   Next: 95%
Magic:  6/6        EV:  8    Int:  5    God:
Gold:   325        SH:  4    Dex:  9    Spells: 6/6 levels left

rFire   . . .        a - +1 war axe
rCold   . . .        c - +0 buckler
rNeg    . . .        u - +0 chain mail
rPois   +            (helmet restricted)
rElec   .            (no cloak)
rCorr   .            s - +2 pair of gloves
SInv    .            (no boots)
Will    .....        (no amulet) Stlth
                     n - ring of flight
HPRegen 0.29/turn    g - ring of poison resistance
MPRegen 0.10/turn

%: no passive effects
@: mighty, flying
A: horns 2, retaliatory headbutt
a: no special abilities


You were on level 6 of the Dungeon.
You visited 1 branch of the dungeon, and saw 6 of its levels.

You collected 325 gold pieces.

Inventory:

Hand Weapons
 a - a +1 war axe (weapon)
Missiles
 f - 3 boomerangs (quivered)
Armour
 b - a +0 scale mail
 c - a +0 buckler (worn)
 s - a +2 pair of gloves (worn)
 u - a +0 chain mail (worn)
Jewellery
 g - a ring of poison resistance (right hand)
 n - a ring of flight (left hand)
Wands
 r - a wand of digging (3)
Scrolls
 i - a scroll of torment {unknown}
 q - 3 scrolls of teleportation {unknown}
 v - 2 scrolls of enchant weapon
 x - 4 scrolls of enchant armour
 y - a scroll of blinking {unknown}
 B - a scroll of amnesia {unknown}
 C - a scroll of magic mapping {unknown}
 D - a scroll of identify
Potions
 d - a potion of might
 e - a potion of cancellation {unknown}
 j - 3 potions of flight
 k - 2 potions of resistance
 l - a potion of mutation {unknown}
 m - 4 potions of lignification
 o - 2 potions of heal wounds
 p - a potion of invisibility
 t - a potion of magic {unknown}
 w - 2 potions of haste
 z - 2 potions of curing {unknown}
 A - a potion of degeneration {unknown}


   Skills:
 - Level 3.6 Fighting
 + Level 11.2 Axes
 - Level 3.6 Armour
 - Level 3.6 Shields


You had 6 spell levels left.
You didn't know any spells.
Your spell library contained the following spells:

 Spells                   Type           Power      Damage    Failure   Level
 Magic Dart               Conj           0%         1d3       98%         1
 Slow                     Hex            0%         N/A       98%         1
 Call Imp                 Summ           0%         N/A       99%         2
 Static Discharge         Conj/Air       0%         2-2/arc   99%         2
 Confusing Touch          Hex            0%         N/A       100%        3
 Mephitic Cloud           Conj/Pois/Air  0%         N/A       100%        3
 Vampiric Draining        Necr           0%         2d6       100%        3
 Airstrike                Air            0%         2d(0-16)  100%        4
 Summon Lightning Spire   Summ/Air       0%         N/A       100%        4


Dungeon Overview and Level Annotations

Branches:
Dungeon (6/15)
 Temple: D:4-7

Altars:
Ru
Sif Muna
Yredelemnul

Shops:
D:1 =   D:2 [!=!(

Annotations:
D:6 Dowan, Duvessa


Innate Abilities, Weirdness & Mutations

You have a pair of horns on your head.
You reflexively headbutt those who attack you in melee.


Message History

A scorpion comes into view.
The hound bites you but does no damage.
You slash the hound!
You kill the hound!
You hit Duvessa but do no damage.
Duvessa drinks a potion.
Duvessa seems to speed up.
Duvessa hits you but does no damage. Duvessa hits you with a +0 rapier.
You hit Duvessa.
Duvessa is lightly wounded.
You barely miss the ogre. You block Duvessa's attack.
The ogre barely misses you.
You hit Duvessa.
Duvessa is moderately wounded.
You hit the ogre. You block Duvessa's attack.
Dowan, Brother of Duvessa comes into view.
He is wielding a +0 dagger.
The ogre hits you with a +0 giant club! Duvessa hits you with a +0 rapier.
Dowan shouts!
You feel very mighty all of a sudden.
The scorpion stings you but does no damage.
Duvessa hits you but does no damage.
Dowan gestures wildly while chanting.
Dowan blinks!
The scorpion stings you but does no damage.
You hit Duvessa. You headbutt Duvessa!
Duvessa is severely wounded.
You slash the ogre! You slash the scorpion!
Duvessa hits you but does no damage.
The ogre hits you with a +0 giant club!!
* * * LOW HITPOINT WARNING * * *
Dowan mumbles some strange words.
Dowan blinks!
The scorpion stings you.
* * * LOW HITPOINT WARNING * * *
Duvessa hits you with a +0 rapier!
* * * LOW HITPOINT WARNING * * *
As you read the scroll labelled ESIBIG TAGAWN, it crumbles to dust.
You hear a loud clanging noise!
It was a scroll of noise.
You hear a bark!
You hear an angry hiss.
You hear a shout! x3
Duvessa hits you with a +0 rapier.
You die...

..... ..... #.....
#...... ....ยง..
#### ....O..
#..##s#.....
#..)@e#.....
#....O......
###..........
##.....#......
#.....#.......
#.....##......
#....#........
####.......... ####
##..................


You could see Duvessa (fast), an ogre and a scorpion.

Vanquished Creatures
  A black bear (D:5)
  2 ogres (D:4)
  3 scorpions (D:5)
  A howler monkey (D:5)
  3 hounds
  3 orc priests
  2 jellies
  A sleepcap (D:5)
  2 iguanas
  An orc wizard (D:6)
  6 adders
  A white imp (D:5)
  2 worms (D:2)
  3 dart slugs
  13 orcs
  5 ball pythons
  5 bats
  5 endoplasms
  A giant cockroach (D:3)
  9 goblins
  6 hobgoblins
  8 quokkas
  4 frilled lizards
  5 kobolds
  3 rats
95 creatures vanquished.

Notes
Turn   | Place    | Note
-------+----------+-------------------------------------------
     0 | D:1      | bmack86 the Minotaur Fighter began the quest for the Orb.
     0 | D:1      | Reached XP level 1. HP: 19/19 MP: 0/0
   151 | D:1      | Reached skill level 3 in Axes
   214 | D:1      | Reached XP level 2. HP: 26/26 MP: 1/1
   223 | D:1      | Found Alyok's Jewellery Shop.
   698 | D:1      | Reached skill level 4 in Axes
   922 | D:2      | Found Funlual's Antique Armour Shoppe.
   949 | D:2      | Found Rixuyq's Distillery.
   952 | D:2      | Reached XP level 3. HP: 31/31 MP: 2/2
   969 | D:2      | Found a basalt altar of Yredelemnul.
  1157 | D:2      | Found Qiepuheb's Distillery.
  1167 | D:2      | Found Hutynaedd's Weapon Shoppe.
  1266 | D:2      | Reached skill level 5 in Axes
  1551 | D:2      | Found Qycvazes's Jewellery Emporium.
  2011 | D:3      | Reached XP level 4. HP: 37/39 MP: 3/3
  2315 | D:3      | Reached skill level 6 in Axes
  2660 | D:4      | Noticed an ogre
  2674 | D:3      | Reached XP level 5. HP: 45/45 MP: 4/4
  2680 | D:4      | Killed an ogre
  2681 | D:4      | Reached skill level 7 in Axes
  2681 | D:4      | Reached XP level 6. HP: 14/51 MP: 5/5
  2927 | D:4      | Reached skill level 8 in Axes
  3199 | D:5      | Entered Level 5 of the Dungeon
  3204 | D:5      | Reached skill level 9 in Axes
  3263 | D:5      | Reached XP level 7. HP: 55/57 MP: 6/6
  3299 | D:5      | Reached skill level 10 in Axes
  3678 | D:5      | Found a sacrificial altar of Ru.
  3859 | D:5      | Found a shimmering blue altar of Sif Muna.
  3991 | D:6      | Reached skill level 11 in Axes
  4168 | D:6      | Noticed Duvessa
  4175 | D:6      | Noticed Dowan
  4177 | D:6      | HP: 2/57 [Duvessa/+0 rapier (8)]
  4178 | D:6      | Slain by Duvessa

Illustrated notes

Levels and vault maps discovered:
D:1:      nzn_arrival_depleted_hourglass, layout_loops_corners, serial_shops,
          nicolae_shop_gaudy_bauble, chequers_serial_rivers_micro_d
D:2:      layout_basic, serial_shops, nicolae_shop_getting_attention,
          nicolae_shop_scrapyard, nicolae_shop_temple_entry_statues_fountains,
          shop, nicolae_shop_rolling_square, basic_altar, minmay_cupped
D:3:      layout_loops_ring, serial_glass, glass_columns_a, glass_columns_a,
          due_unseen_surprise, item_on_display_a, serial_bayou_lake_a
D:4:      layout_rooms
D:5:      layout_loops_cross, nicolae_ru_awakened_eye,
          nicolae_sif_muna_little_library, serial_bayou_pond_b
D:6:      layout_cave_pools, minmay_temple_entry_trees, uniq_duvessa

Skill      XL: |  1  2  3  4  5  6  7 |
---------------+----------------------+-----
Axes           | 3 4 5 6 7 9 11 | 11.2
Fighting       | |  3.6
Armour         | |  3.6
Shields        | |  3.6

Action                     |  1- 3 |  4- 6 |  7- 9 || total
---------------------------+-------+-------+-------++-------
  Melee: War axe           |    76 |    85 |    53 ||   214
         Headbutt          |    10 |    15 |    10 ||    35
  Evoke: Wand              |       |     1 |       ||     1
    Use: Scroll            |     4 |     3 |     1 ||     8
         Potion            |       |       |     1 ||     1
 Armour: Scale mail        |    33 |     3 |       ||    36
         Chain mail        |       |    37 |    34 ||    71
  Dodge: Dodged            |    37 |    28 |    22 ||    87
  Block: Buckler           |    18 |    16 |    11 ||    45
